 Dungeon Crawl Stone Soup version 0.28.0-45-g0d030f2227 (webtiles) character file.

Game seed: 5426738754940177868

14003 Arpeggio the Basher (level 11, -1/100 HPs)
             Began as a Minotaur Fighter on Apr 7, 2022.
             Was an Elder of the Shining One.
             Slain by an anaconda (6 damage)
             ... on level 1 of the Snake Pit.
             The game lasted 00:37:58 (10610 turns).

Arpeggio the Basher (Minotaur Fighter)             Turns: 10610, Time: 00:38:01

Health: -1/100     AC: 23    Str: 31    XL:     11   Next: 83%
Magic:  11/11      EV:  6    Int:  5    God:    the Shining One [****..]
Gold:   333        SH:  6    Dex: 10    Spells: 9/10 levels left

rFire   . . .      SeeInvis .   a - +0 flail
rCold   . . .      Faith    .   c - +0 buckler
rNeg    + + .      Spirit   .   D - +0 plate armour
rPois   .          Reflect  .   (helmet unavailable)
rElec   +          Harm     .   w - +1 cloak
rCorr   .          Rampage  .   (no gloves)
Will    .....                   I - +4 pair of boots "Jyices" {rElec}
Stlth   ..........              r - amulet of the acrobat
HPRegen 0.26/turn               t - +4 ring of slaying
MPRegen 0.12/turn               j - +6 ring of strength

@: about to teleport, glowing, constricted
A: horns 3, retaliatory headbutt
a: Renounce Religion, Divine Shield, Cleansing Flame


You were on level 1 of the Snake Pit.
You worshipped the Shining One.
The Shining One was greatly pleased with you.
You visited 4 branches of the dungeon, and saw 12 of its levels.
You also visited: Ossuary.

You collected 333 gold pieces.

Inventory:

Hand Weapons
 a - a +0 flail (weapon)
 K - a +0 spear of freezing
 P - a +0 shortbow of flaming
Missiles
 f - 22 poisoned darts
 k - 82 sling bullets
 m - 144 arrows
 p - 62 bolts
 N - 85 stones
Armour
 c - a +0 buckler (worn)
 w - a +1 cloak (worn)
 D - a +0 plate armour (worn)
 I - the +4 pair of boots "Jyices" (worn) {rElec}
   (You found it in an ossuary)

   rElec:     It insulates you from electricity.
Jewellery
 i - a ring of protection from fire
 j - a +6 ring of strength (right hand)
 r - an amulet of the acrobat (around neck)
 t - a +4 ring of slaying (left hand)
 y - a +4 ring of evasion
 J - a +4 ring of evasion
 L - a ring of poison resistance
 Q - an amulet of faith
Wands
 b - a wand of acid (8)
 B - a wand of iceblast (8)
 C - a wand of digging (5)
Scrolls
 h - 2 scrolls of silence
 l - 5 scrolls of teleportation
 n - a scroll of brand weapon
 v - a scroll of enchant armour {unknown}
 F - a scroll of fog {unknown}
 M - a scroll of torment {unknown}
 O - 3 scrolls of magic mapping {unknown}
Potions
 d - 4 potions of might
 e - a potion of flight {unknown}
 g - a potion of brilliance
 o - 3 potions of magic
 s - 3 potions of berserk rage {unknown}
 u - 3 potions of attraction
 x - a potion of mutation
 z - 3 potions of heal wounds {unknown}
 A - a potion of lignification
 E - a potion of resistance {unknown}
 G - a potion of invisibility {unknown}
 H - 3 potions of ambrosia


   Skills:
 + Level 10.2 Fighting
 + Level 14.1 Maces & Flails
 + Level 12.3 Armour
 + Level 3.6 Dodging
 + Level 2.1 Stealth
 + Level 9.3 Shields
 + Level 1.6 Invocations


You had 9 spell levels left.
You knew the following spells:

 Your Spells              Type           Power      Damage    Failure   Level
a - Beastly Appendage     Tmut           0%         N/A       98%         1

Your spell library contained the following spells:

 Spells                   Type           Power      Damage    Failure   Level
 Wereblood                Tmut           0%         N/A       99%         2
 Spider Form              Tmut/Pois      0%         N/A       100%        3


Dungeon Overview and Level Annotations

Branches:
Dungeon (8/15)             Temple (1/1) D:5            Lair (2/6) D:8
  Snake (1/4) Lair:2      Ossuary (visited)
  Swamp: Lair:2-4    Shoals: Lair:2-4

Altars:
Ashenzari
Cheibriados
Dithmenos
Elyvilon
Fedhas
Hepliaklqana
Kikubaaqudgha
Nemelex Xobeh
Okawaru
Ru
Sif Muna
Trog
Vehumet
Wu Jian
Yredelemnul
Zin
The Shining One

Shops:
D:4 ?   D:8 =


Innate Abilities, Weirdness & Mutations

You have a pair of large horns on your head.
You reflexively headbutt those who attack you in melee.


Message History

The anaconda bites you but does no damage.
The anaconda constricts you.
* * * LOW HITPOINT WARNING * * *
You hit the anaconda.
The anaconda is heavily wounded.
The anaconda bites you!
* * * LOW HITPOINT WARNING * * *
The anaconda constricts you.
You sock the anaconda! You headbutt the anaconda.
The anaconda is severely wounded.
The anaconda closely misses you. The anaconda constricts you.
* * * LOW HITPOINT WARNING * * *
You closely miss the anaconda.
The anaconda is severely wounded.
You block the anaconda's attack. The anaconda constricts you.
* * * LOW HITPOINT WARNING * * *
The naga spits poison at you.
The splash of poison hits you but does no damage.
You are poisoned.
The anaconda bites you.
* * * LOW HITPOINT WARNING * * *
The anaconda constricts you.
You feel better. The anaconda bites you.
* * * LOW HITPOINT WARNING * * *
The anaconda constricts you.
* * * LOW HITPOINT WARNING * * *
It was a potion of mutation.
You feel extremely strange. The horns on your head grow some more.
The anaconda bites you.
* * * LOW HITPOINT WARNING * * *
The anaconda constricts you. The anaconda barely misses you.
The anaconda constricts you.
* * * LOW HITPOINT WARNING * * *
As you read the scroll of teleportation, it crumbles to dust.
You feel strangely unstable.
The anaconda bites you but does no damage.
The anaconda constricts you.
* * * LOW HITPOINT WARNING * * *
The anaconda bites you.
You die...

#..........####
##.....[..##
##...^.###
#....## #..###
#รท.# ###..#
###....##
.###...@...#
......NS...##
............#
...........##
......).$...#
........).##...#
..........#
##...#
.........## #..
.........# .


You could see an anaconda and a naga.

Vanquished Creatures
  A naga warrior (Snake:1)
  2 hydras (Lair:2)
  3 anacondas (Snake:1)
  A two-headed ogre (D:5)
  An elephant (D:8)
  A salamander (Snake:1)
  4 black mambas
  2 cane toads
  A rime drake (Lair:1)
  2 komodo dragons (Lair:2)
  2 wyverns
  6 yaks (Lair:1)
  3 basilisks
  2 nagas (Snake:1)
  Menkaure (D:4)
  7 water moccasins
  An orc warrior (D:8)
  3 black bears
  An ice beast (D:6)
  A sky beast (D:8)
  An ogre (D:6)
  9 wolves (Lair:1)
  2 centaurs
  Blork the orc (D:6)
  5 bullfrogs
  A kobold brigand (D:6)
  A gnoll sergeant (D:7)
  8 water moccasin zombies (Ossuary)
  2 scorpions
  A water moccasin skeleton (D:5)
  3 killer bees (D:5)
  4 howler monkeys
  A jelly (D:4)
  2 hounds (D:4)
  2 bullfrog zombies (D:6)
  4 orc priests
  A centaur skeleton (D:6)
  5 iguanas
  3 orc wizards
  Natasha (D:2)
  A killer bee zombie (D:7)
  A hound zombie (D:5)
  2 hound skeletons (D:4)
  2 mummies (Ossuary)
  A howler monkey zombie (D:4)
  12 gnolls
  7 adders
  A howler monkey skeleton (D:7)
  2 white imps
  An ufetubus (D:4)
  5 adder zombies (Ossuary)
  An adder skeleton (D:4)
  A worm (D:2)
  2 dart slugs
  14 orcs
  6 ball pythons
  6 bats
  4 endoplasms
  A giant cockroach (D:4)
  6 gnoll zombies (Ossuary)
  4 goblins
  5 hobgoblins
  4 jackals
  5 quokkas
  2 frilled lizards (D:2)
  A goblin zombie (D:6)
  7 hobgoblin zombies (Ossuary)
  14 kobolds
  3 kobold zombies (Ossuary)
  5 orc zombies (Ossuary)
  A quokka zombie (D:6)
  3 rats
232 creatures vanquished.

Vanquished Creatures (others)
  7 fungi
  15 plants
22 creatures vanquished.

Grand Total: 254 creatures vanquished

Notes
Turn   | Place    | Note
-------+----------+-------------------------------------------
     0 | D:1      | Arpeggio the Minotaur Fighter began the quest for the Orb.
     0 | D:1      | Reached XP level 1. HP: 19/19 MP: 0/0
   276 | D:1      | Reached XP level 2. HP: 22/27 MP: 1/1
   567 | D:2      | Learned a level 1 spell: Beastly Appendage
   584 | D:2      | Reached XP level 3. HP: 33/34 MP: 2/2
   788 | D:2      | Noticed Natasha
   796 | D:2      | Killed Natasha
   797 | D:2      | Reached skill level 3 in Maces & Flails
   803 | D:2      | Reached XP level 4. HP: 32/41 MP: 3/3
  1070 | D:3      | Found a hazy altar of Hepliaklqana.
  1364 | D:3      | Found a shimmering blue altar of Sif Muna.
  1364 | D:3      | Found a glowing golden altar of the Shining One.
  1386 | D:3      | Became a worshipper of the Shining One
  1452 | D:3      | Reached skill level 1 in Dodging
  1510 | D:3      | Reached skill level 4 in Maces & Flails
  1632 | D:3      | Found a basalt altar of Yredelemnul.
  1696 | D:3      | Reached XP level 5. HP: 47/47 MP: 4/4
  1837 | D:4      | HP: 2/47 [poisoned by a scorpion]
  2390 | D:4      | Noticed a wyvern
  2395 | D:4      | Killed a wyvern
  2396 | D:4      | Reached skill level 5 in Fighting
  2396 | D:4      | Reached skill level 5 in Maces & Flails
  2396 | D:4      | Reached skill level 5 in Armour
  2396 | D:4      | Reached XP level 6. HP: 8/56 MP: 5/5
  2774 | D:4      | Found Cuuhipta's Magic Scroll Boutique.
  2937 | D:4      | Noticed Menkaure
  2960 | D:4      | Killed Menkaure
  2960 | D:4      | Reached * piety under the Shining One
  2961 | D:4      | Reached skill level 6 in Maces & Flails
  2961 | D:4      | Reached XP level 7. HP: 10/61 MP: 6/6
  3382 | D:5      | Entered Level 5 of the Dungeon
  3394 | D:5      | Reached skill level 7 in Maces & Flails
  3588 | D:5      | Found a staircase to the Ecumenical Temple.
  3604 | Temple   | Entered the Ecumenical Temple
  3907 | D:5      | Reached skill level 5 in Shields
  4312 | D:5      | Reached XP level 8. HP: 66/70 MP: 7/7
  4352 | D:5      | Noticed a two-headed ogre
  4364 | D:5      | Killed a two-headed ogre
  4365 | D:5      | Reached skill level 9 in Maces & Flails
  4829 | D:6      | Found a sand-covered staircase.
  4837 | Ossuary  | Entered an ossuary
  4864 | Ossuary  | Reached ** piety under the Shining One
  4933 | Ossuary  | Reached *** piety under the Shining One
  4955 | Ossuary  | Reached XP level 9. HP: 78/78 MP: 8/8
  4961 | Ossuary  | Reached skill level 1 in Stealth
  4996 | Ossuary  | Reached **** piety under the Shining One
  5004 | Ossuary  | Identified the +4 pair of boots "Jyices" {rElec}
  5570 | D:6      | Reached skill level 10 in Maces & Flails
  5988 | D:6      | Found a sacrificial altar of Ru.
  6173 | D:6      | Noticed Blork the orc
  6179 | D:6      | Killed Blork the orc
  6273 | D:7      | Found a broken altar of Ashenzari.
  6797 | D:7      | Reached skill level 11 in Maces & Flails
  7004 | D:8      | Reached skill level 1 in Invocations
  7027 | D:8      | Found a blossoming altar of Fedhas.
  7077 | D:8      | Found Deledel's Jewellery Emporium.
  7127 | D:8      | Found a staircase to the Lair.
  7127 | D:8      | Noticed an elephant
  7138 | D:8      | Reached XP level 10. HP: 90/90 MP: 10/10
  7179 | D:8      | Killed an elephant
  7304 | Lair:1   | Entered Level 1 of the Lair of Beasts
  7358 | Lair:1   | Reached skill level 12 in Maces & Flails
  8278 | Lair:1   | Noticed a black mamba
  8284 | Lair:1   | Killed a black mamba
  8285 | Lair:1   | Reached skill level 10 in Armour
  8652 | Lair:1   | Noticed a cane toad
  8660 | Lair:1   | Killed a cane toad
  8661 | Lair:1   | Reached XP level 11. HP: 65/97 MP: 11/11
  8857 | Lair:2   | Reached skill level 13 in Maces & Flails
  8985 | Lair:2   | Noticed an eight-headed hydra
  8993 | Lair:2   | Killed an eight-headed hydra
  9384 | Lair:2   | Noticed a four-headed hydra
  9393 | Lair:2   | Killed a four-headed hydra
  9563 | Lair:2   | Found a staircase to the Snake Pit.
  9681 | Snake:1  | Entered Level 1 of the Snake Pit
  9687 | Snake:1  | Noticed an anaconda
  9696 | Snake:1  | Killed an anaconda
  9706 | Snake:1  | Noticed an anaconda
  9717 | Snake:1  | Killed an anaconda
  9945 | Snake:1  | Noticed a naga sharpshooter
  9963 | Snake:1  | Noticed a naga warrior
 10300 | Snake:1  | Reached skill level 10 in Fighting
 10518 | Snake:1  | Noticed an anaconda
 10526 | Snake:1  | Killed an anaconda
 10531 | Snake:1  | Noticed a naga warrior
 10554 | Snake:1  | Killed a naga warrior
 10555 | Snake:1  | Reached skill level 14 in Maces & Flails
 10596 | Snake:1  | Noticed an anaconda
 10607 | Snake:1  | HP: 5/100 [anaconda (3)]
 10609 | Snake:1  | Gained mutation: You have a pair of large horns on your
                  | head. [potion of mutation]
 10610 | Snake:1  | Slain by an anaconda

Illustrated notes

Levels and vault maps discovered:
D:1:      dpeg_arrival_orchard, layout_basic, minmay_shallow_snake_nest
D:2:      layout_basic, corexii_hall_statues_x, grunt_decor_cap, uniq_natasha
D:3:      minmay_inner_zag, layout_loops_corners, mainiacjoe_overflow_boulevard,
          nicolae_hepliaklqana_hazy_memory, gammafunk_temple_overflow_elements
D:4:      layout_loops_corners, serial_shops,
          nicolae_shop_temple_entry_statues_fountains, cheibrodos_gnoll_hut,
          uniq_menkaure
D:5:      layout_cave_pools, mainiacjoe_overflow_swirl,
          minmay_temple_entry_stoned_glass
D:6:      corexii_shack_village, layout_basic, mainiacjoe_overflow_alcove_1,
          enter_ossuary_4, kennysheep_generic_room_4, uniq_blork_the_orc
D:7:      layout_cave_pods, mainiacjoe_overflow_small_starburst,
          uniq_crazy_yiuf_cottage
D:8:      layout_rooms, mainiacjoe_overflow_alcove_2, david_lair_generic,
          serial_shops, shop_fountains
Temple:   dpeg_chambers_temple
Lair:1:   layout_roguey, nicolae_quartered_pool_little, serial_bayou_pond_e,
          grunt_megastairs_4, infiniplex_staircase_pool, serial_bayou_shore_b
Lair:2:   layout_hall_layers, minmay_shoals_entry_hut
Snake:1:  layout_cave_pods, st_stairs_3

Skill      XL: |  1  2  3  4  5  6  7  8  9 10 11 |
---------------+----------------------------------+-----
Fighting       | 4 5 6 8 9 10 | 10.2
Armour         | 4 5 6 7 8 10 12 | 12.3
Shields        | 4 5 6 8 9 |  9.3
Maces & Flails | 3 4 5 6 7 9 11 12 14 | 14.1
Dodging        | 1 2 3 |  3.6
Stealth        | 1 2 |  2.1
Invocations    | 1 |  1.6

Action                   |  1- 3 |  4- 6 |  7- 9 | 10-12 || total
-------------------------+-------+-------+-------+-------++-------
Melee: Flail             |    50 |    88 |   238 |   194 ||   570
       Headbutt          |     5 |    15 |    51 |    48 ||   119
Invok: Divine Shield     |       |       |     2 |     2 ||     4
  Use: Scroll            |       |       |     5 |     4 ||     9
       Potion            |       |       |     2 |     5 ||     7
Armor: Scale mail        |    40 |    34 |    15 |       ||    89
       Plate armour      |       |       |   120 |   172 ||   292
Dodge: Dodged            |    26 |    54 |   187 |   143 ||   410
Block: Buckler           |    23 |    19 |    80 |    80 ||   202
